 Dungeon Sprint DCSS version 0.19-a0-1007-g133f65f (webtiles) character file.

31171 nextgen the Bludgeoner (level 13, -39/109 HPs)
             Began as a Demonspawn Fighter on July 19, 2016.
             Was the Champion of Okawaru.
             Annihilated by a white very ugly thing (46 damage)
             ... in the Dungeon (Sprint IX: "|||||||||||||||||||||||||||||").
             The game lasted 00:10:39 (3600 turns).

nextgen the Bludgeoner (Demonspawn Fighter)         Turns: 3600, Time: 00:10:40

Health: -39/109    AC: 30    Str: 21    XL:     13   Next: 24%
Magic:  0/25       EV: 15    Int: 10    God:    Okawaru [******]
Gold:   1626       SH: 27    Dex: 20    Spells: 0 memorised, 12 levels left

rFire  . . .     SeeInvis .     I - +7 demon whip
rCold  . . .     Gourm    .     b - +2 plate armour {rN+}
rNeg   + . .     Faith    .     J - +1 large shield
rPois  +         Spirit   +     (helmet restricted)
rElec  .         Dismiss  .     C - +2 cloak of Erapheosh {rPois rF- Dex+7}
rCorr  .         Reflect  +     a - +1 pair of gloves
SustAt .         Harm     .     y - +0 pair of boots
MR     +....     NoTele   +     F - +4 amulet of reflection
Stlth  ..........               D - ring of protection from magic
                                G - ring of fire

@: heroism, somewhat resistant to hostile enchantments, extremely unstealthy
A: antennae 2, yellow scales 2, cold resistance 1, icemail, magic shield,
freezing cloud immunity
a: Heroism, Finesse, Renounce Religion


You were in the Dungeon.
You worshipped Okawaru.
Okawaru was exalted by your worship.
You were very hungry.

You visited 1 branch You collected 1926 gold pieces.
You spent 300 gold pieces at shops.

Inventory:

Hand Weapons
 r - the +2 morningstar of Footwus {vamp, rC+}
   (You found it in the Dungeon)

   It inflicts no extra harm, but heals its wielder somewhat when it strikes a
   living foe.
   It protects you from cold.
 H - the +8 whip of Afrecet {slash, +Inv Str+3}
   (You found it in the Dungeon)

   It inflicts extra damage upon your enemies.
   It affects your strength (+3).
   It lets you turn invisible.
 I - a +7 demon whip (weapon)
Armour
 a - a +1 pair of gloves (worn)
 b - a +2 plate armour of positive energy (worn)
 x - a +2 plate armour
 y - a +0 pair of boots (worn)
 C - the +2 cloak of Erapheosh (worn) {rPois rF- Dex+7}
   (Okawaru gifted it to you in the Dungeon)

   It affects your dexterity (+7).
   It makes you vulnerable to fire.
   It protects you from poison.
 J - a +1 large shield (worn)
Jewellery
 o - a +3 ring of intelligence
 p - a +3 ring of dexterity
 v - an uncursed ring of magical power
 D - a ring of protection from magic (right hand)
 E - an uncursed ring of positive energy
 F - a +4 amulet of reflection (around neck)
 G - a ring of fire (left hand)
Wands
 n - a wand of lightning (0/15)
Scrolls
 f - 2 scrolls of identify
 k - 2 scrolls of blinking
 l - 3 scrolls of remove curse
 m - 2 scrolls of amnesia
 N - a scroll of recharging
 O - a scroll of fog
Potions
 e - 6 potions of curing
 g - a potion of invisibility
 h - a potion of haste
 i - 4 potions of magic
 s - a potion of might
 K - a potion of berserk rage
 L - a potion of agility
 M - a potion of resistance
Comestibles
 t - 40 fruits
 u - a royal jelly
 w - 10 bread rations
 z - 12 meat rations


   Skills:
 + Level 12.8(17.8) Fighting
 * Level 19.1(24.1) Maces & Flails
 + Level 10.5(15.5) Armour
 + Level 10.5(15.5) Dodging
 + Level 13.4(18.4) Shields
 * Level 17.4 Invocations
 + Level 2.5 Evocations


You had 12 spell levels left.
You didn't know any spells.

Dungeon Overview and Level Annotations

Branches:
Dungeon (1/1)

Altars:
Cheibriados
Dithmenos
Elyvilon
Fedhas
Gozag
Hepliaklqana
Kikubaaqudgha
Makhleb
Nemelex Xobeh
Okawaru
Pakellas
Qazlal
Ru
Sif Muna
Trog
Uskayaw
Vehumet
Xom
Yredelemnul
Zin
The Shining One
Beogh
Jiyva
Lugonu

Shops:
D =((?


Innate Abilities, Weirdness & Mutations

You have a pair of antennae on your head.
You are mostly covered in yellow scales. (AC +3)
Your flesh is cold resistant. (rC+)
A meltable icy envelope protects you from harm. (AC +0)
When hurt, damage is shared between your health and your magic reserves.
You are immune to freezing clouds.


Message History

You block the white very ugly thing's attack.
Unknown command.
You hit the white very ugly thing.
The white very ugly thing is severely wounded.
The ice dragon breathes frost at you.
The blast of cold hits something.
Reactivating autopickup.
You feel a bit more experienced.
The blast of cold hits the white very ugly thing.
The white very ugly thing resists.
The blast of cold misses you.
The ice dragon simulacrum bites you but does no damage.
You block the ice dragon simulacrum's attack. x2
The white very ugly thing punches you but does no damage.
Okay, then.
You start eating one of the 12 meat rations.
Keep eating?
You stop eating.
The white very ugly thing punches you!
* * * LOW HITPOINT WARNING * * *
The white very ugly thing freezes you!!!
You die...

......'...=.))).)).))[.[[..[[....
▓▓▓▓▓▓▓▓▓▓▓▓▓▓▓▓▓▓▓▓▓▓▓▓▓▓▓▓▓▓▓▓▓
.................................
▓▓▓▓▓▓▓▓▓▓▓▓▓▓▓▓▓▓▓▓▓▓♣♣♣♣♣♣♣♣♣♣▓
............')..))....'..÷..÷...'
▓▓▓▓▓▓▓▓▓▓▓▓▓▓▓▓▓▓▓▓▓▓♣♣♣♣♣♣♣♣♣♣▓
.................................
▓▓▓▓▓▓▓▓▓▓▓▓▓▓▓▓▓▓▓▓▓▓▓▓▓▓▓▓▓▓▓▓▓
.............()Z@uD.DCuC


{{{{{{{{ ▓▓▓▓▓▓▓▓▓▓▓▓▓▓▓▓▓▓▓▓▓▓▓▓ { You could see 2 frost giants, 2 very ugly
things, a fire dragon, an ice dragon and an ice dragon simulacrum.

Vanquished Creatures
  A fire giant (D)
  2 stone giants (D)
  An ogre mage (D)
  A fire dragon (D)
  An ice dragon (D)
  A ghost crab (D)
  A tengu warrior (D)
  A shock serpent (D)
  A deep troll earth mage (D)
  2 orc high priests (D)
  A salamander mystic (D)
  A shambling mangrove (D)
  A hell knight (D)
  2 sea snakes (D)
  A naga ritualist (D)
  A swamp dragon (D)
  5 orc knights (D)
  An orc sorcerer (D)
  A griffon (D)
  3 orb spiders (D)
  2 ugly things (D)
  A moth of wrath (D)
  3 hornets (D)
  An elephant (D)
  Maurice (D)
  A manticore (D)
  3 black mambas (D)
  2 naga magi (D)
  A torpor snail (D)
  5 spiny frogs (D)
  A yaktaur (D)
  An efreet (D)
  A jumping spider (D)
  3 merfolk (D)
  A polar bear (D)
  A troll (D)
  A giant leech (D)
  2 wind drakes (D)
  A bog body (D)
  A slime creature (D)
  A snapping turtle (D)
  3 blink frogs (D)
  2 redbacks (D)
  A yak (D)
  A basilisk (D)
  A hippogriff (D)
  A wyvern (D)
  A vampire mosquito (D)
  A water moccasin (D)
  A naga (D)
  3 porcupines (D)
  9 orc warriors (D)
  A wolf (D)
  2 centaurs (D)
  A big kobold (D)
  A crocodile (D)
  5 giant frogs (D)
  A crimson imp (D)
  A jelly (D)
  2 hounds (D)
  5 orc priests (D)
  2 orc wizards (D)
  2 iguanas (D)
  A worker ant (D)
  A river rat (D)
  A shadow imp (D)
  2 giant geckos (D)
  15 orcs (D)
  A bat skeleton (D)
  2 bat zombies (D)
  A jackal (D)
  A kobold (D)
  A bat (D)
  A giant cockroach zombie (D)
137 creatures vanquished.

Vanquished Creatures (others)
  A yaktaur captain (D)
  A vampire mage (D)
  A swamp dragon (D)
  A necromancer (D)
  A spiny frog (D)
  A slime creature (D)
  A hungry ghost (D)
  A wasp (D)
8 creatures vanquished.

Grand Total: 145 creatures vanquished

Notes
Turn   | Place    | Note
-------+----------+-------------------------------------------
     0 | D        | nextgen the Demonspawn Fighter began the quest for the Orb.
     0 | D        | Reached XP level 1. HP: 18/18 MP: 1/1
     7 | D        | Reached skill level 2 in Maces & Flails
    45 | D        | Noticed a centaur
    45 | D        | Noticed a crimson imp
    60 | D        | Gained mutation: You are partially covered in yellow scales. (AC +2) [demonic ancestry]
    60 | D        | Reached XP level 2. HP: 25/25 MP: 2/2
    66 | D        | Killed a centaur
    66 | D        | Reached skill level 3 in Maces & Flails
    66 | D        | Reached skill level 5 in Armour
    66 | D        | Reached skill level 1 in Dodging
    66 | D        | Gained mutation: Your flesh is cold resistant. (rC+) [demonic ancestry]
    66 | D        | Reached XP level 3. HP: 32/32 MP: 3/3
    66 | D        | Reached XP level 4. HP: 38/38 MP: 4/4
    71 | D        | Reached skill level 5 in Fighting
    71 | D        | Reached skill level 4 in Maces & Flails
    71 | D        | Reached skill level 5 in Shields
   204 | D        | Found a glowing silver altar of Zin.
   204 | D        | Found a glowing golden altar of the Shining One.
   204 | D        | Found an ancient bone altar of Kikubaaqudgha.
   204 | D        | Found a basalt altar of Yredelemnul.
   204 | D        | Found a shimmering altar of Xom.
   204 | D        | Found a radiant altar of Vehumet.
   205 | D        | Found an iron altar of Okawaru.
   206 | D        | Found a burning altar of Makhleb.
   207 | D        | Found a deep blue altar of Sif Muna.
   208 | D        | Found a bloodstained altar of Trog.
   209 | D        | Found a sparkling altar of Nemelex Xobeh.
   210 | D        | Found a white marble altar of Elyvilon.
   211 | D        | Found a roughly hewn altar of Beogh.
   212 | D        | Found a viscous altar of Jiyva.
   213 | D        | Found a corrupted altar of Lugonu.
   214 | D        | Found a blossoming altar of Fedhas.
   217 | D        | Became a worshipper of Warmaster Okawaru
   220 | D        | Found a snail-covered altar of Cheibriados.
   221 | D        | Found a shadowy altar of Dithmenos.
   222 | D        | Found a stormy altar of Qazlal.
   223 | D        | Found an opulent altar of Gozag.
   224 | D        | Found a sacrificial altar of Ru.
   225 | D        | Found an oddly glowing altar of Pakellas.
   226 | D        | Found a hide-covered altar of Uskayaw.
   227 | D        | Found a hazy altar of Hepliaklqana.
   251 | D        | Noticed a troll
   258 | D        | Reached skill level 1 in Invocations
   258 | D        | Reached XP level 5. HP: 34/44 MP: 4/6
   263 | D        | Reached skill level 5 in Maces & Flails
   266 | D        | Killed a troll
   266 | D        | Reached * piety under Okawaru
   266 | D        | Reached skill level 6 in Maces & Flails
   266 | D        | Reached skill level 5 in Invocations
   266 | D        | Reached skill level 1 in Evocations
   266 | D        | Gained mutation: You are mostly covered in yellow scales. (AC +3) [demonic ancestry]
   266 | D        | Reached XP level 6. HP: 31/52 MP: 4/10
   393 | D        | Got the +2 morningstar of Footwus {vamp, rC+}
   425 | D        | Noticed a wyvern
   425 | D        | Noticed a yak
   435 | D        | Gained mutation: You have a pair of small antennae on your head. [demonic ancestry]
   435 | D        | Reached XP level 7. HP: 58/58 MP: 11/11
   441 | D        | Reached skill level 5 in Dodging
   451 | D        | Killed a wyvern
   454 | D        | Reached ** piety under Okawaru
   454 | D        | Reached skill level 7 in Maces & Flails
   466 | D        | Killed a yak
   664 | D        | Noticed a spiny frog
   664 | D        | Noticed a hippogriff
   667 | D        | Noticed a basilisk
   669 | D        | Killed a spiny frog
   669 | D        | Reached skill level 8 in Maces & Flails
   669 | D        | Reached XP level 8. HP: 64/65 MP: 12/14
   675 | D        | Noticed a spiny frog
   707 | D        | Reached *** piety under Okawaru
   718 | D        | HP: 1/67 [poisoned by a spiny frog]
   724 | D        | Killed a spiny frog
   724 | D        | Reached skill level 9 in Maces & Flails
   724 | D        | Gained mutation: You are immune to freezing clouds. [demonic ancestry]
   724 | D        | Reached XP level 9. HP: 52/72 MP: 16/16
   866 | D        | Noticed a spiny frog
   866 | D        | Noticed a torpor snail
   871 | D        | Noticed a polar bear
   873 | D        | Reached skill level 10 in Invocations
   876 | D        | Noticed an elephant
   881 | D        | Killed a spiny frog
   890 | D        | Reached skill level 10 in Maces & Flails
   895 | D        | Killed a torpor snail
   908 | D        | Killed a polar bear
   925 | D        | Killed an elephant
   925 | D        | Reached **** piety under Okawaru
   925 | D        | Reached skill level 11 in Maces & Flails
   936 | D        | Noticed a giant leech
   936 | D        | Noticed a spiny frog
   938 | D        | Noticed a spiny frog
   953 | D        | Killed a giant leech
   964 | D        | Killed a spiny frog
   964 | D        | Gained mutation: When hurt, damage is shared between your health and your magic reserves. [demonic ancestry]
   964 | D        | Reached XP level 10. HP: 48/82 MP: 18/18
   970 | D        | Killed a spiny frog
   994 | D        | Reached ***** piety under Okawaru
   994 | D        | Reached skill level 12 in Maces & Flails
  1139 | D        | Noticed Maurice
  1192 | D        | Killed Maurice
  1293 | D        | Noticed an orc knight
  1340 | D        | Killed an orc knight
  1355 | D        | Noticed an orc knight
  1360 | D        | Reached skill level 13 in Maces & Flails
  1384 | D        | Killed an orc knight
  1477 | D        | Found Dexeulolai's Jewellery Emporium.
  1477 | D        | Noticed an orc knight
  1477 | D        | Noticed an orc sorcerer
  1480 | D        | Noticed an orc high priest
  1484 | D        | Noticed a sun demon
  1493 | D        | Killed an orc knight
  1494 | D        | Found Poxug's Antique Weapon Shoppe.
  1505 | D        | Killed an orc sorcerer
  1505 | D        | Received a gift from Okawaru
  1505 | D        | Reached skill level 10 in Fighting
  1505 | D        | Reached skill level 10 in Shields
  1505 | D        | Gained mutation: You have a pair of antennae on your head. [demonic ancestry]
  1505 | D        | Reached XP level 11. HP: 90/90 MP: 16/21
  1509 | D        | Found Fuafophexesm's Antique Weapon Emporium.
  1521 | D        | Killed an orc high priest
  1527 | D        | Found Bygreal's Magic Scroll Shoppe.
  1555 | D        | Noticed an orc knight
  1556 | D        | Noticed an orc high priest
  1557 | D        | Noticed an orc knight
  1575 | D        | Killed an orc knight
  1575 | D        | Received a gift from Okawaru
  1575 | D        | Reached ****** piety under Okawaru
  1595 | D        | Killed an orc high priest
  1595 | D        | Reached skill level 14 in Maces & Flails
  1604 | D        | Killed an orc knight
  1604 | D        | Reached skill level 10 in Dodging
  1614 | D        | Got a translucent cloak {god gift}
  1625 | D        | Identified the +2 cloak of Erapheosh {rPois rF- Dex+7} (Okawaru gifted it to you in the Dungeon)
  1637 | D        | Bought an uncursed ring of protection from magic for 300 gold pieces
  1824 | D        | Got the +8 whip of Afrecet {slash, +Inv Str+3}
  1988 | D        | Noticed a brown ugly thing
  1988 | D        | Noticed a griffon
  1988 | D        | Noticed a tengu warrior
  2004 | D        | Killed a brown ugly thing
  2008 | D        | Noticed a white ugly thing
  2011 | D        | Killed a griffon
  2012 | D        | Noticed a deep troll earth mage
  2015 | D        | Killed a tengu warrior
  2015 | D        | Reached skill level 15 in Maces & Flails
  2016 | D        | Noticed a stone giant
  2019 | D        | Noticed a fire dragon
  2022 | D        | Noticed a hell knight
  2024 | D        | Noticed an ogre mage
  2029 | D        | Noticed a yaktaur captain
  2038 | D        | Killed a white ugly thing
  2049 | D        | Killed a deep troll earth mage
  2066 | D        | Killed a stone giant
  2083 | D        | Killed a fire dragon
  2083 | D        | Reached skill level 15 in Invocations
  2088 | D        | Killed an ogre mage
  2088 | D        | Reached skill level 16 in Maces & Flails
  2088 | D        | Reached XP level 12. HP: 10/100 MP: 3/23
  2092 | D        | Killed a yaktaur captain
  2526 | D        | Received a gift from Okawaru
  2558 | D        | Reached skill level 17 in Maces & Flails
  2726 | D        | Reached skill level 10 in Armour
  2727 | D        | Noticed a ghost crab
  2761 | D        | Killed a ghost crab
  3081 | D        | Reached skill level 18 in Maces & Flails
  3406 | D        | Gained mutation: A meltable icy envelope protects you from harm. (AC +0) [demonic ancestry]
  3406 | D        | Reached XP level 13. HP: 90/109 MP: 25/25
  3524 | D        | Noticed a stone giant
  3524 | D        | Noticed a fire giant
  3543 | D        | Killed a stone giant
  3549 | D        | Noticed a fire dragon
  3555 | D        | Killed a fire giant
  3555 | D        | Received a gift from Okawaru
  3562 | D        | Reached skill level 19 in Maces & Flails
  3564 | D        | Noticed a white very ugly thing
  3580 | D        | Noticed a frost giant
  3582 | D        | Noticed a cyan very ugly thing
  3588 | D        | Noticed a frost giant
  3600 | D        | Annihilated by a white very ugly thing

Vault maps used:
D:        linesprint

Skill      XL: |  1  2  3  4  5  6  7  8  9 10 11 12 13 |
---------------+----------------------------------------+-----
Maces & Flails | 2 3 4 6 8 9 11 13 16 18 19 | 19.1
Armour         | 3 5 7 8 9 10 | 10.5
Shields        | 3 4 5 6 7 8 9 10 11 12 13 | 13.4
Fighting       | 4 5 6 7 8 10 11 12 | 12.8
Dodging        | 1 2 4 6 8 9 10 | 10.5
Invocations    | 1 5 6 8 9 11 13 15 16 17 | 17.4
Evocations     | 1 2 |  2.5

Action                   |  1- 3 |  4- 6 |  7- 9 | 10-12 | 13-15 || total
-------------------------+-------+-------+-------+-------+-------++-------
Melee: Flail             |    39 |    22 |       |       |       ||    61
       Morningstar       |       |    10 |   160 |   257 |       ||   427
       Demon whip        |       |       |       |   295 |    72 ||   367
Invok: Heroism           |       |       |     2 |    10 |     1 ||    13
       Finesse           |       |       |       |     1 |       ||     1
Evoke: Wand              |       |     3 |     1 |       |     1 ||     5
  Use: Potion            |     2 |     1 |     7 |     1 |     1 ||    12
       Scroll            |       |       |     5 |     6 |       ||    11
  Eat: Bread ration      |       |     1 |       |     2 |       ||     3
       Chunk             |       |       |     2 |       |       ||     2
Armor: Scale mail        |    20 |    28 |       |       |       ||    48
       Ring mail         |       |     5 |    36 |    15 |       ||    56
       Plate armour      |       |       |       |    55 |    20 ||    75
Dodge: Dodged            |    14 |    20 |    68 |    98 |    12 ||   212
Block: Shield            |    24 |    33 |   100 |   111 |       ||   268
       Large shield      |       |       |       |   208 |    53 ||   261
       Reflection        |       |       |       |     7 |       ||     7
